IL
EL PASO CHIHUAHUAS @ MEMPHIS REDBIRDS
04/09/2049
 
TOP OF THE 1ST
El Paso Chihuahuas batting - Pitching for Memphis Redbirds : RHP Nick Mistretta
Pitching: RHP Nick Mistretta
Batting: RHB Jerry Escamilla 0-0: Ball
1-0: Called Strike
1-1: Foul Ball, location: 2F
1-2: Strikes out looking
Batting: LHB Angel Mejia 0-0: Called Strike
0-1: Swinging Strike
0-2: Strikes out swinging
Batting: RHB Mike Hayward 0-0: Foul Ball, location: 2F
0-1: Ball
1-1: Fly out, F8 (Line Drive, 8RD, EV 93.1 MPH)
Top of the 1st over - 0 runs, 0 hits, 0 errors, 0 left on base; El Paso 0 - Memphis 0
BOTTOM OF THE 1ST
Memphis Redbirds batting - Pitching for El Paso Chihuahuas : RHP Justin Jones
Pitching: RHP Justin Jones
Batting: RHB Joe LaDue 0-0: Called Strike
0-1: Ground out 2-3 (Groundball, 15S, EV 68.8 MPH)
Batting: RHB Tyler Walker 0-0: Called Strike
0-1: Ball
1-1: Foul Ball, location: 2F
1-2: Ground out 4-3 (Groundball, 34, EV 83.8 MPH)
Batting: SHB Gerardo Macias 0-0: Called Strike
0-1: Foul Ball, location: 2F
0-2: Foul Ball, location: 2F
0-2: Strikes out looking
Bottom of the 1st over - 0 runs, 0 hits, 0 errors, 0 left on base; El Paso 0 - Memphis 0
TOP OF THE 2ND
El Paso Chihuahuas batting - Pitching for Memphis Redbirds : RHP Nick Mistretta
Batting: RHB Jeff Brower 0-0: Foul Ball, location: 2F
0-1: Ball
1-1: Ball
2-1: DOUBLE (Groundball, 5L, EV 106.9 MPH)
Batting: LHB Carlos Cuellar 0-0: Ball
1-0: Called Strike
1-1: SINGLE (Groundball, 4MD, EV 103.8 MPH)
Jeff Brower to third
Throwing error, E8
Jeff Brower scores
Carlos Cuellar to second
Batting: RHB Robby Godwin 0-0: DOUBLE (Flyball, 89D, EV 88.8 MPH)
Carlos Cuellar scores
Batting: LHB Rich Atterberry 0-0: Foul Ball, location: 2F
0-1: Ball
1-1: SINGLE (Groundball, 3D, EV 98.8 MPH)
Robby Godwin to third
Runner from 3rd tries for Home, SAFE, throw by RF to home
Batting: RHB Dave Cluster 0-0: Ball
1-0: Swinging Strike
1-1: Called Strike
1-2: Strikes out swinging
Batting: SHB Harrison McLaughlin 0-0: Ball
1-0: Swinging Strike
1-1: Ball
2-1: Ball
3-1: Swinging Strike
3-2: Fielders Choice at 2nd, 6-4 (Groundball, 6, EV 103.8 MPH)
Batting: RHB Jerry Escamilla 0-0: Ball
1-0: Ball
2-0: Called Strike
2-1: Foul Ball, location: 2F
2-2: Strikes out swinging
Top of the 2nd over - 3 runs, 4 hits, 1 error, 1 left on base; El Paso 3 - Memphis 0
BOTTOM OF THE 2ND
Memphis Redbirds batting - Pitching for El Paso Chihuahuas : RHP Justin Jones
Batting: RHB Ricky Yerzy 0-0: Ball
1-0: Called Strike
1-1: Ball
2-1: Ball
3-1: Swinging Strike
3-2: Foul Ball, location: 2F
3-2: Foul Ball, location: 2F
3-2: Strikes out swinging
Batting: RHB Joe Alley 0-0: Ball
1-0: Ball
2-0: Ball
3-0: Called Strike
3-1: Swinging Strike
3-2: Base on Balls
Batting: RHB Andres Mendiola 0-0: Called Strike
0-1: Called Strike
0-2: Ball
1-2: Ball
2-2: Ball
3-2: Strikes out swinging
Batting: RHB Mark Cahill 0-0: Foul Ball, location: 2F
0-1: Ball
1-1: SINGLE (Flyball, 78S, EV 94.4 MPH)
Joe Alley to second
Batting: RHB Josh Martin 0-0: Ball
1-0: Foul Ball, location: 2F
1-1: Foul Ball, location: 2F
1-2: Strikes out looking
Bottom of the 2nd over - 0 runs, 1 hit, 0 errors, 2 left on base; El Paso 3 - Memphis 0
TOP OF THE 3RD
El Paso Chihuahuas batting - Pitching for Memphis Redbirds : RHP Nick Mistretta
Batting: LHB Angel Mejia 0-0: Foul Ball, location: 2F
0-1: SINGLE (Groundball, 4MD, EV 105.0 MPH)
Batting: RHB Mike Hayward 0-0: Ball
1-0: Ball
2-0: Ball
3-0: Called Strike
3-1: Base on Balls
Angel Mejia to second
Batting: RHB Jeff Brower 0-0: Foul Ball, location: 2F
0-1: Swinging Strike
0-2: Foul Ball, location: 2F
0-2: Foul Ball, location: 2F
0-2: Ball
1-2: Ball
2-2: Ball
3-2: Grounds into double play, 6-4-3 (Groundball, 6, EV 82.5 MPH)
Angel Mejia to third
Batting: LHB Carlos Cuellar 0-0: Ball
1-0: Fly out, F8 (Flyball, 8RM, EV 89.4 MPH)
Top of the 3rd over - 0 runs, 1 hit, 0 errors, 1 left on base; El Paso 3 - Memphis 0
BOTTOM OF THE 3RD
Memphis Redbirds batting - Pitching for El Paso Chihuahuas : RHP Justin Jones
Batting: RHB Tommy Tracy 0-0: Foul Ball, location: 2F
0-1: Ground out U3 (Groundball, 3L, EV 108.1 MPH)
Batting: RHB Joe LaDue 0-0: Ball
1-0: Foul Ball, location: 2F
1-1: Ball
2-1: Ball
3-1: Base on Balls
Batting: RHB Tyler Walker 0-0: Ball
Joe LaDue steals 2nd, throwing error, E2
Joe LaDue to third
1-0: Ball
2-0: Swinging Strike
2-1: Foul Ball, location: 2F
2-2: Foul Ball, location: 2F
2-2: Ball
3-2: 2-RUN HOME RUN (Flyball, 78XD, EV 112.5 MPH), Distance : 421 ft
Batting: SHB Gerardo Macias 0-0: Ball
1-0: Ball
2-0: Foul Ball, location: 2F
2-1: Foul Ball, location: 2F
2-2: Ball
3-2: SINGLE (Flyball, 6MD, EV 91.2 MPH)
Batting: RHB Ricky Yerzy 0-0: Ball
Gerardo Macias steals 2nd base
1-0: Foul Ball, location: 2F
1-1: Foul Ball, location: 2F
1-2: Foul Ball, location: 2F
1-2: Ball
2-2: Foul Ball, location: 2F
2-2: Foul Ball, location: 2F
2-2: Ball
3-2: Fly out, F4 (Popup, 23, EV 79.4 MPH)
Batting: RHB Joe Alley 0-0: Swinging Strike
0-1: Fly out, F8 (Flyball, 8LD, EV 90.6 MPH)
Bottom of the 3rd over - 2 runs, 2 hits, 1 error, 1 left on base; El Paso 3 - Memphis 2
TOP OF THE 4TH
El Paso Chihuahuas batting - Pitching for Memphis Redbirds : RHP Nick Mistretta
Batting: RHB Robby Godwin 0-0: Foul Ball, location: 2F
0-1: Ball
1-1: Ball
2-1: SINGLE (Groundball, 34D, EV 101.9 MPH)
Batting: LHB Rich Atterberry 0-0: Ball
1-0: Called Strike
1-1: Ball
2-1: Ball
3-1: Base on Balls
Robby Godwin to second
Batting: RHB Dave Cluster 0-0: Ball
1-0: Called Strike
1-1: Called Strike
1-2: Foul Ball, location: 2F
1-2: Ball
2-2: Fielders Choice at 2nd, 1-6 (Groundball, 13, EV 67.5 MPH)
Robby Godwin to third
Batting: SHB Harrison McLaughlin 0-0: Called Strike
0-1: Called Strike
0-2: Ball
1-2: Ball
2-2: Strikes out looking
Batting: RHB Jerry Escamilla 0-0: Called Strike
0-1: Ball
1-1: Ball
2-1: Ball
3-1: Fielders Choice at 2nd, 6-4 (Groundball, 6, EV 100.0 MPH)
Top of the 4th over - 0 runs, 1 hit, 0 errors, 2 left on base; El Paso 3 - Memphis 2
BOTTOM OF THE 4TH
Memphis Redbirds batting - Pitching for El Paso Chihuahuas : RHP Justin Jones
Batting: RHB Andres Mendiola 0-0: Called Strike
0-1: Foul Ball, location: 2F
0-2: Ball
1-2: Ball
2-2: Foul Ball, location: 2F
2-2: Ground out 1-3 (Groundball, 34S, EV 61.2 MPH)
Batting: RHB Mark Cahill 0-0: Ball
1-0: Ball
2-0: Called Strike
2-1: Foul Ball, location: 2F
2-2: Ball
3-2: Foul Ball, location: 2F
3-2: Base on Balls
Batting: RHB Josh Martin 0-0: Called Strike
0-1: Ball
1-1: Ball
2-1: Ball
Mark Cahill is caught stealing 2nd base 2-4
3-1: Base on Balls
Batting: RHB Tommy Tracy 0-0: DOUBLE (Groundball, 5L, EV 111.2 MPH)
Josh Martin to third
Runner from 3rd tries for Home, SAFE, no throw by LF
Batting: RHB Joe LaDue 0-0: Ball
1-0: Ground out 1-3 (Groundball, 15S, EV 69.4 MPH)
Bottom of the 4th over - 1 run, 1 hit, 0 errors, 1 left on base; El Paso 3 - Memphis 3
TOP OF THE 5TH
El Paso Chihuahuas batting - Pitching for Memphis Redbirds : RHP Nick Mistretta
Batting: LHB Angel Mejia 0-0: Called Strike
0-1: Ball
1-1: Ball
2-1: Foul Ball, location: 2F
2-2: Strikes out swinging
Batting: RHB Mike Hayward 0-0: Ball
1-0: Ball
2-0: Ball
3-0: Base on Balls
Batting: RHB Jeff Brower 0-0: Foul Ball, location: 2F
0-1: SINGLE (Groundball, 56D, EV 108.1 MPH)
Mike Hayward to second
Batting: LHB Carlos Cuellar 0-0: Swinging Strike
0-1: Ball
1-1: Foul Ball, location: 2F
1-2: Foul Ball, location: 2F
1-2: Ball
2-2: Ball
3-2: Fly out, F3 (Line Drive, 3L, EV 69.4 MPH)
Lined into DP, U3 (Line Drive, 3L, EV 63.1 MPH)
Top of the 5th over - 0 runs, 1 hit, 0 errors, 1 left on base; El Paso 3 - Memphis 3
BOTTOM OF THE 5TH
Memphis Redbirds batting - Pitching for El Paso Chihuahuas : RHP Justin Jones
Batting: RHB Tyler Walker 0-0: Swinging Strike
0-1: SOLO HOME RUN (Flyball, 78XD, EV 102.5 MPH), Distance : 421 ft
Batting: SHB Gerardo Macias 0-0: Ball
1-0: Swinging Strike
1-1: Ball
2-1: Foul Ball, location: 2F
2-2: Fly out, F8 (Line Drive, 8RD, EV 91.2 MPH)
Batting: RHB Ricky Yerzy 0-0: Ball
1-0: Called Strike
1-1: Foul Ball, location: 2F
1-2: Ball
2-2: Ball
3-2: Foul Ball, location: 2F
3-2: Foul Ball, location: 2F
3-2: Foul Ball, location: 2F
3-2: SINGLE (Flyball, 89S, EV 95.0 MPH)
Pitching: LHP John Schipper
Batting: RHB Joe Alley 0-0: Ball
1-0: Ball
2-0: Called Strike
2-1: Ball
3-1: Fly out, F9 (Flyball, 89M, EV 90.6 MPH)
Batting: RHB Andres Mendiola 0-0: Ball
Passed Ball!
Ricky Yerzy to second
1-0: Ground out U3 (Groundball, 3S, EV 70.6 MPH)
Bottom of the 5th over - 1 run, 2 hits, 0 errors, 1 left on base; El Paso 3 - Memphis 4
TOP OF THE 6TH
El Paso Chihuahuas batting - Pitching for Memphis Redbirds : RHP Nick Mistretta
Pitching: LHP John Roe
Batting: RHB Robby Godwin 0-0: Swinging Strike
0-1: Ball
1-1: Fly out, F8 (Flyball, 8RD, EV 105.6 MPH)
Batting: LHB Rich Atterberry 0-0: Called Strike
0-1: Swinging Strike
0-2: Strikes out swinging
Batting: RHB Dave Cluster 0-0: Called Strike
0-1: Ball
1-1: Ball
2-1: Ball
3-1: Fly out, F2 (Popup, 3SF, EV 69.4 MPH)
Top of the 6th over - 0 runs, 0 hits, 0 errors, 0 left on base; El Paso 3 - Memphis 4
BOTTOM OF THE 6TH
Memphis Redbirds batting - Pitching for El Paso Chihuahuas : LHP John Schipper
Batting: RHB Mark Cahill 0-0: Ball
1-0: Ball
2-0: Ball
3-0: Called Strike
3-1: Base on Balls
Batting: RHB Josh Martin 0-0: Ball
1-0: Ball
2-0: Called Strike
2-1: Ball
3-1: Base on Balls
Mark Cahill to second
Batting: RHB Tommy Tracy 0-0: Ball
1-0: Foul Ball, location: 2F
1-1: Ball
2-1: Foul Ball, location: 2F
2-2: Foul Ball, location: 2F
2-2: Foul Ball, location: 2F
2-2: Strikes out swinging
Batting: RHB Joe LaDue 0-0: Ball
1-0: Foul Ball, location: 2F
1-1: Swinging Strike
1-2: Strikes out swinging
Batting: RHB Tyler Walker 0-0: SINGLE (Flyball, 56D, EV 90.6 MPH)
Mark Cahill to third
Josh Martin to second
Runner from 3rd tries for Home, SAFE, throw by LF to home
Batting: SHB Gerardo Macias 0-0: Ball
1-0: Foul Ball, location: 2F
1-1: Foul Ball, location: 2F
1-2: Strikes out swinging
Bottom of the 6th over - 1 run, 1 hit, 0 errors, 2 left on base; El Paso 3 - Memphis 5
TOP OF THE 7TH
El Paso Chihuahuas batting - Pitching for Memphis Redbirds : LHP John Roe
Batting: SHB Harrison McLaughlin 0-0: Called Strike
0-1: Swinging Strike
0-2: Strikes out swinging
Batting: RHB Jerry Escamilla 0-0: Ball
1-0: Ball
2-0: Ball
3-0: Base on Balls
Batting: LHB Angel Mejia 0-0: Ball
1-0: Ball
2-0: Ball
3-0: DOUBLE (Flyball, 78XD, EV 109.4 MPH)
Jerry Escamilla to third
Runner from 3rd tries for Home, SAFE, throw by LF to home
Batting: RHB Mike Hayward 0-0: Called Strike
0-1: Foul Ball, location: 2F
0-2: Foul Ball, location: 2F
0-2: Foul Ball, location: 2F
0-2: Ball
1-2: Strikes out swinging
Pitching: RHP Josh Sabatino
Batting: RHB Jeff Brower 0-0: Ball
1-0: Ball
2-0: Ball
3-0: Base on Balls
Batting: LHB Carlos Cuellar 0-0: Ball
1-0: Called Strike
1-1: Foul Ball, location: 2F
1-2: Strikes out swinging
Top of the 7th over - 1 run, 1 hit, 0 errors, 2 left on base; El Paso 4 - Memphis 5
BOTTOM OF THE 7TH
Memphis Redbirds batting - Pitching for El Paso Chihuahuas : LHP John Schipper
Pitching: RHP Curtis Gumbs
Batting: RHB Ricky Yerzy 0-0: Ball
1-0: Ball
2-0: Foul Ball, location: 2F
2-1: Ball
3-1: Ground out 5-3 (Groundball, 56, EV 86.2 MPH)
Batting: RHB Joe Alley 0-0: Called Strike
0-1: Ball
1-1: Foul Ball, location: 2F
1-2: Ball
2-2: Strikes out swinging
Batting: RHB Andres Mendiola 0-0: Ball
1-0: Ball
2-0: Foul Ball, location: 2F
2-1: Ball
3-1: Fly out, F8 (Flyball, 8LM, EV 95.6 MPH)
Bottom of the 7th over - 0 runs, 0 hits, 0 errors, 0 left on base; El Paso 4 - Memphis 5
TOP OF THE 8TH
El Paso Chihuahuas batting - Pitching for Memphis Redbirds : RHP Josh Sabatino
Batting: RHB Robby Godwin 0-0: Called Strike
0-1: Fly out, F8 (Flyball, 8LD, EV 89.4 MPH)
Batting: LHB Rich Atterberry 0-0: Called Strike
0-1: Ball
1-1: Swinging Strike
1-2: Ball
2-2: Ball
3-2: Base on Balls
Batting: RHB Dave Cluster 0-0: Called Strike
0-1: Ball
1-1: Ball
2-1: Foul Ball, location: 2F
2-2: Strikes out swinging
Batting: SHB Harrison McLaughlin 0-0: Called Strike
0-1: Foul Ball, location: 2F
0-2: Ball
1-2: Foul Ball, location: 2F
1-2: SINGLE (Groundball, 56, EV 85.0 MPH) (infield hit)
Rich Atterberry to second
Batting: RHB Jerry Escamilla 0-0: 3-RUN HOME RUN (Flyball, 7D, EV 95.6 MPH), Distance : 371 ft
Pitching: LHP Nick Suggett
Batting: LHB Angel Mejia 0-0: Swinging Strike
0-1: Swinging Strike
0-2: Ball
1-2: Strikes out swinging
Top of the 8th over - 3 runs, 2 hits, 0 errors, 0 left on base; El Paso 7 - Memphis 5
BOTTOM OF THE 8TH
Memphis Redbirds batting - Pitching for El Paso Chihuahuas : RHP Curtis Gumbs
Pitching: RHP Omar Torres
Batting: RHB Mark Cahill 0-0: Ball
1-0: Called Strike
1-1: Swinging Strike
1-2: Foul Ball, location: 2F
1-2: Ball
2-2: Fly out, F8 (Line Drive, 8LD, EV 93.1 MPH)
Batting: RHB Josh Martin 0-0: Called Strike
0-1: Ground out 5-3 (Groundball, 5, EV 106.2 MPH)
Batting: RHB Tommy Tracy 0-0: Ball
1-0: Ball
2-0: Called Strike
2-1: Swinging Strike
2-2: Strikes out swinging
Bottom of the 8th over - 0 runs, 0 hits, 0 errors, 0 left on base; El Paso 7 - Memphis 5
TOP OF THE 9TH
El Paso Chihuahuas batting - Pitching for Memphis Redbirds : LHP Nick Suggett
Pitching: RHP Tim Poist
Batting: RHB Mike Hayward 0-0: Called Strike
0-1: Ground out U3 (Groundball, 34S, EV 88.1 MPH)
Batting: RHB Jeff Brower 0-0: Foul Ball, location: 2F
0-1: SINGLE (Groundball, 25, EV 68.1 MPH) (infield hit)
Batting: LHB Carlos Cuellar 0-0: Ball
1-0: Swinging Strike
1-1: Ball
2-1: Grounds into double play, 5-4-3 (Groundball, 56, EV 89.4 MPH)
Top of the 9th over - 0 runs, 1 hit, 0 errors, 0 left on base; El Paso 7 - Memphis 5
BOTTOM OF THE 9TH
Memphis Redbirds batting - Pitching for El Paso Chihuahuas : RHP Omar Torres
Batting: RHB Joe LaDue 0-0: Called Strike
0-1: Foul Ball, location: 2F
0-2: Strikes out swinging, 2-3 out at first.
Batting: RHB Tyler Walker 0-0: Ball
1-0: Foul Ball, location: 2F
1-1: Called Strike
1-2: Fly out, F8 (Line Drive, 8RM, EV 98.1 MPH)
Batting: SHB Gerardo Macias 0-0: Ball
1-0: Ball
2-0: SOLO HOME RUN (Flyball, 9LD, EV 100.6 MPH), Distance : 393 ft
Batting: RHB Ricky Yerzy 0-0: Called Strike
0-1: Foul Ball, location: 2F
0-2: Ball
1-2: Foul Ball, location: 2F
1-2: Ball
2-2: Foul Ball, location: 2F
2-2: Ball
3-2: Ground out 6-3 (Groundball, 6, EV 91.2 MPH)
Bottom of the 9th over - 1 run, 1 hit, 0 errors, 0 left on base; El Paso 7 - Memphis 6
Sunday, July 16th , 2023 - OOTP Baseball 24.6 Build 69